Map: Cosmic Sapphire

Players

nonstickpan - Winner!

  • Race: Zerg Zerg
  • League: Diamond
  • Spawn Location: 11:00

itbagurmum

  • Race: Zerg Zerg
  • League: Diamond
  • Spawn Location: 5:00

VOD

Have the link to the VOD?

Description

died a bunch to this, but this could be a solution, particularly at lower mmr

Time

  • Played on: Dec. 7, 2022, 2:27 p.m.
  • Length: 4:11
Show
View Real Time Build Order
Export as new Build Order

nonstickpan Zerg - Winner!

Build Orders: Hatch First 

Get SALT Encoding   

  12  0:00  Drone  
  13  0:12  Overlord  
  13  0:17  Drone  
  14  0:30  Drone x2  
  16  0:51  Hatchery  
  16  0:54  Drone  
  16  1:02  Drone  
  16  1:03  Drone  
  18  1:17  Extractor  
  17  1:19  Spawning Pool, Drone  
  17  1:26  Drone  
  17  1:30  Drone  
  19  2:09  Spine Crawler  
  19  2:11  Spine Crawler  
  19  2:13  Spine Crawler  
  16  2:16  Zergling x10  
  16  2:18  Queen  
Show
View Real Time Build Order
Export as new Build Order

itbagurmum Zerg 

Build Orders: Pool Only 

Get SALT Encoding   

  12  0:01  Drone  
  13  0:24  Spawning Pool  
  13  0:27  Drone  
  13  0:34  Overlord  
  13  0:49  Drone  
  14  0:57  Drone  
  15  1:11  Zergling x2  
  15  1:12  Zergling x4  
  18  1:23  Zergling x2  
  19  2:11  Spine Crawler  
  19  2:12  Spine Crawler  
  19  2:13  Spine Crawler  
Tags
 
Add a new tag
Caveats
  • Supply blocks, unpowered buildings, or Contaminate may cause inaccurate times.
  • Supply counts are checked every 10 seconds.